 Dungeon Crawl Stone Soup version 0.26-a0-649-gf8c6c3aab7 (webtiles) character file.

Game seed: 3955953180808069417

487 Impeuri the Caller (level 6, -5/41 HPs)
             Began as a Demonspawn Summoner on Sept 26, 2020.
             Splashed by Ijyb's acid (11 damage)
             ... on level 5 of the Dungeon.
             The game lasted 00:09:27 (4417 turns).

Impeuri the Caller (Demonspawn Summoner)            Turns: 4417, Time: 00:09:28

Health: -5/41      AC:  0    Str: 12    XL:     6   Next: 89%
Magic:  16/21      EV: 12    Int: 24    God:
Gold:   183        SH:  0    Dex: 14    Spells: 3/13 levels left

rFire    . . .     SeeInvis .   w - +7 whip of Meager Expedience {vorpal, *Slow Str+4}
rCold    . . .     Faith    .   (no shield)
rNeg     . . .     Spirit   .   a - +0 robe
rPois    .         Reflect  .   (no helmet)
rElec    .         Harm     .   (no cloak)
rCorr    .         Rampage  .   q - +0 pair of gloves
MR       .....                  i - +0 pair of boots
Stlth    ++........             (no amulet)
HPRegen  0.13/turn              o - +6 ring of intelligence
MPRegen  0.17/turn              p - ring of magical power

@: corroded
A: hooves 1
a: no special abilities


You were on level 5 of the Dungeon.
You visited 1 branch of the dungeon, and saw 5 of its levels.

You collected 183 gold pieces.

Inventory:

Hand Weapons
 w - the +7 whip of Meager Expedience (weapon) {vorpal, *Slow Str+4}
   (You found it on level 4 of the Dungeon)

   It inflicts extra damage upon your enemies.
   It affects your strength (+4).
   It may slow you when you take damage.
Armour
 a - a +0 robe (worn)
 i - a +0 pair of boots (worn)
 q - a +0 pair of gloves (worn)
 y - a +1 ring mail of poison resistance
Jewellery
 o - a +6 ring of intelligence (left hand)
 p - a ring of magical power (right hand)
Wands
 l - a wand of random effects (24)
 r - a wand of paralysis (20)
 s - a wand of polymorph (7)
Scrolls
 c - 4 scrolls of identify
 d - 3 scrolls of teleportation
 g - a scroll of amnesia {unknown}
 j - a scroll of random uselessness {unknown}
 k - 3 scrolls of fog
 m - 5 scrolls of enchant armour {unknown}
 n - a scroll of magic mapping {unknown}
Potions
 b - 3 potions of lignification
 e - a potion of curing {unknown}
 f - a potion of magic {unknown}
 h - a potion of haste {unknown}
 t - a potion of degeneration {unknown}
 u - a potion of brilliance {unknown}
 v - 2 potions of cancellation {unknown}
 x - 2 potions of flight {unknown}


   Skills:
 - Level 1.7 Dodging
 - Level 1.7 Stealth
 + Level 4.1 Spellcasting
 * Level 7.0 Summonings
 + Level 1.2 Air Magic


You had 3 spell levels left.
You knew the following spells:

 Your Spells              Type           Power        Failure   Level
a - Summon Small Mammal   Summ           ####         1%          1
b - Call Imp              Summ           #####...     1%          2
c - Call Canine Familiar  Summ           #####...     1%          3
d - Summon Lightning Spi  Summ/Air       ###.....     17%         4

Your spell library contained the following spells:

 Spells                   Type           Power        Failure   Level
 Summon Guardian Golem    Hex/Summ       ###.....     7%          3
 Corona                   Hex            #......      10%         1
 Magic Dart               Conj           #...         10%         1
 Ensorcelled Hibernation  Hex/Ice        #.....       14%         2
 Searing Ray              Conj           #.....       14%         2
 Confusing Touch          Hex            #.......     28%         3
 Dazzling Flash           Conj/Hex       #.....       28%         3
 Tukima's Dance           Hex            #.......     28%         3
 Summon Ice Beast         Ice/Summ       ###.....     22%         4
 Fulminant Prism          Conj/Hex       #.........   67%         4
 Iskenderun's Mystic Bla  Conj/Tloc      #.......     67%         4


Dungeon Overview and Level Annotations

Branches:
Dungeon (5/15)
 Temple: D:4-7

Altars:
Dithmenos
Makhleb
Vehumet

Shops:
D:4 (

Annotations:
D:5 Ijyb


Innate Abilities, Weirdness & Mutations

You have large cloven feet.


Message History

A leopard gecko skeleton comes into view.
You whack the leopard gecko skeleton!
You destroy the leopard gecko skeleton!
You swap places.
Your shadow imp disappears in a puff of smoke!
Found a stone staircase leading up.
Ijyb the Twisted Goblin comes into view.
She is wearing a +2 ring mail of positive energy and carrying a wand of acid (9).
Ijyb is nearby!
Ijyb zaps a wand.
The bolt of acid hits you! The acid corrodes you!
You are splashed with acid!
Casting: Call Imp (safe; 1% risk of failure)
Confirm with . or Enter, or press ? or * to list all spells.
Casting: Call Canine Familiar (safe; 1% risk of failure)
Confirm with . or Enter, or press ? or * to list all spells.
A beastly little devil appears in a puff of flame.
Ijyb zaps a wand.
The bolt of acid hits your hound.
Your hound is splashed with acid.
The bolt of acid hits you!
* * * LOW HITPOINT WARNING * * *
You are splashed with acid!
You die...

######.#.###..###.#
#....#.............
#....###.###..####.
#....# #<.....####.
#....###.###....###
+........# ####.# #
#....##### #.# #
#....# #.# # #.@..#
#.# # #.h..#
###.### ..5g..#
#...... ......###
###+#.... #.......#
#........ #.......#
#........ #########
#........ #........
#........


You could see Ijyb, a friendly hound (summoned) and a friendly crimson imp
(summoned).

Vanquished Creatures
  Menkaure (D:4)
  A scorpion (D:4)
  2 hounds
  A bullfrog skeleton (D:5)
  A worker ant (D:4)
  A hound skeleton (D:4)
  A gnoll (D:4)
  An adder (D:2)
  An ufetubus (D:5)
  An adder skeleton (D:4)
  2 leopard geckos
  5 orcs
  7 giant cockroaches
  6 goblins
  3 hobgoblins
  2 quokkas (D:2)
  4 bats
  4 frilled lizards
  2 leopard gecko skeletons
  3 rats (D:2)
49 creatures vanquished.

Vanquished Creatures (collateral kills)
  An ogre (D:4)
  A phantom (D:4)
  A hound skeleton (D:5)
  2 gnolls (D:4)
  A howler monkey skeleton (D:5)
  2 adders
  A dart slug (D:2)
  2 leopard geckos
  4 orcs (D:3)
  2 goblins
  2 hobgoblins (D:1)
  3 kobolds (D:1)
  4 bats
  A frilled lizard (D:2)
  3 rats
30 creatures vanquished.

Grand Total: 79 creatures vanquished

Notes
Turn   | Place    | Note
-------+----------+-------------------------------------------
     0 | D:1      | Impeuri the Demonspawn Summoner began the quest for the
                  | Orb.
     0 | D:1      | Reached XP level 1. HP: 13/13 MP: 3/3
   344 | D:1      | Gained mutation: You have large cloven feet. [demonic
                  | ancestry]
   344 | D:1      | Reached XP level 2. HP: 7/19 MP: 1/5
   348 | D:1      | Learned a level 2 spell: Call Imp
  1466 | D:2      | Reached XP level 3. HP: 24/24 MP: 6/6
  1994 | D:3      | Learned a level 3 spell: Call Canine Familiar
  2038 | D:3      | Reached skill level 5 in Summonings
  2435 | D:3      | Found a radiant altar of Vehumet.
  2598 | D:4      | Reached XP level 4. HP: 22/30 MP: 8/8
  2621 | D:4      | Noticed a phantom
  2668 | D:4      | Killed a phantom
  2784 | D:4      | Found a shadowy altar of Dithmenos.
  2898 | D:4      | Got a warped whip
  2899 | D:4      | Identified the +7 whip of Meager Expedience {vorpal, *Slow
                  | Str+4} (You found it on level 4 of the Dungeon)
  2915 | D:4      | Reached XP level 5. HP: 16/35 MP: 9/9
  3155 | D:4      | Noticed Menkaure
  3162 | D:4      | HP: 1/35 [Menkaure/nerve-wracking pain (13)]
  3162 | D:4      | Noticed an ogre
  3166 | D:4      | Killed Menkaure
  3166 | D:4      | Reached skill level 6 in Summonings
  3166 | D:4      | Reached XP level 6. HP: 12/41 MP: 10/11
  3179 | D:4      | Learned a level 4 spell: Summon Lightning Spire
  3474 | D:4      | Found a burning altar of Makhleb.
  3614 | D:4      | Found Sount's Antique Weapon Emporium.
  3812 | D:5      | Entered Level 5 of the Dungeon
  3826 | D:5      | Reached skill level 1 in Air Magic
  3831 | D:5      | Reached skill level 7 in Summonings
  4413 | D:5      | Noticed Ijyb
  4417 | D:5      | Splashed by Ijyb's acid

Illustrated notes

Levels and vault maps discovered:
D:1:      lightli_arrival_boilingwater, layout_basic
D:2:      layout_rooms, kennysheep_big_empty_room
D:3:      layout_rooms, nicolae_overflow_crystal_walls, chequers_garden
D:4:      layout_rooms, nicolae_dithmenos_the_darkroom,
          makhleb_blood_cavern_becter, serial_shops, nicolae_shop_waterfront,
          st_stairs_2, uniq_menkaure
D:5:      layout_basic, uniq_ijyb

Skill      XL: |  1  2  3  4  5  6 |
---------------+-------------------+-----
Summonings     | 5 6 7 |  7.0
Spellcasting   | 3 4 |  4.1
Air Magic      | 1 |  1.2
Dodging        | |  1.7
Stealth        | |  1.7

Action                   |  1- 3 |  4- 6 || total
-------------------------+-------+-------++-------
Melee: Dagger            |   113 |    21 ||   134
       Short sword       |     4 |       ||     4
       Whip              |       |    57 ||    57
 Cast: Summon Small Mamm |    18 |       ||    18
       Call Imp          |    20 |    11 ||    31
       Call Canine Famil |     2 |     5 ||     7
  Use: Scroll            |     5 |     1 ||     6
       Potion            |       |     2 ||     2
 Stab: Distracted        |     3 |       ||     3
       Sleeping          |     1 |       ||     1
Armor: Robe              |    44 |    15 ||    59
Dodge: Dodged            |   105 |    50 ||   155

Table legend: (Time is in decaauts)
 A = Elapsed time spent in this place.
 B = Non-inter-level travel time spent in this place.
 C = Inter-level travel time spent in this place.
 D = Time resting spent in this place.
 E = Time spent auto-exploring this place.
 F = Levels seen in this place.
 G = Mean time per level.
                   A        B        C        D        E       F      G
               +--------+--------+--------+--------+--------+-----+--------+
         Total |   4420 |   4367 |     53 |    383 |   3091 |   5 |  884.0 |
       Dungeon |   4420 |   4367 |     53 |    383 |   3091 |   5 |  884.0 |
               +--------+--------+--------+--------+--------+-----+--------+

Top non-repeatable levels by time:
     D:4: 1267 daAuts
     D:1: 997 daAuts
     D:2: 883 daAuts
     D:3: 665 daAuts
     D:5: 606 daAuts
